 Dungeon Crawl Stone Soup version 0.31-a0-152-g6aa68a64a1 (webtiles) character file.

Game seed: 7941002699277121508

16 Hajna the Trooper (level 2, -3/27 HPs)
             Began as a Hill Orc Fighter on June 11, 2023.
             Slain by Jessica
             ... wielding a +0 club
              (7 damage)
             ... on level 2 of the Dungeon.
             The game lasted 00:01:43 (902 turns).

Hajna the Trooper (Hill Orc Fighter)                 Turns: 902, Time: 00:01:43

Health: -3/27      AC:  6    Str: 18    XL:     2   Next: 58%
Magic:  2/2        EV:  9    Int:  8    God:
Gold:   81         SH:  4    Dex: 10    Spells: 1/1 levels left

rFire   . . .        a - +0 war axe
rCold   . . .        c - +0 buckler
rNeg    . . .        b - +0 scale mail
rPois   .            (no helmet)
rElec   .            (no cloak)
rCorr   .            (no gloves)
SInv    .            (no boots)
Will    .....        (no amulet) Stlth
                     (no ring)
HPRegen 0.24/turn    (no ring)
MPRegen 0.08/turn

%: no passive effects
@: no status effects
A: no striking features
a: no special abilities


You were on level 2 of the Dungeon.
You visited 1 branch of the dungeon, and saw 2 of its levels.

You collected 81 gold pieces.

Inventory:

Hand Weapons
 a - a +0 war axe (weapon)
Missiles
 k - 6 boomerangs (quivered)
Armour
 b - a +0 scale mail (worn)
 c - a +0 buckler (worn)
Scrolls
 e - a scroll of noise {unknown}
 f - a scroll of poison {unknown}
 h - 2 scrolls of teleportation {unknown}
 i - a scroll of identify {unknown}
Potions
 d - a potion of might
 g - a potion of cancellation {unknown}
 j - a potion of attraction {unknown}


   Skills:
 + Level 4.1 Fighting
 + Level 2.7 Axes
 + Level 3.5 Armour
 + Level 3.5 Shields


You had one spell level left.
You didn't know any spells.
Your spell library was empty.

Dungeon Overview and Level Annotations

Branches:
Dungeon (2/15)

Altars:

Annotations:
D:2 Jessica


Message History

Jessica is lightly wounded.
Press: ? - help, v - describe, . - travel
Here: Jessica, wielding a +0 club and wearing a +0 robe (lightly wounded)
The floor.
You throw a boomerang. The boomerang closely misses Jessica.
You throw a boomerang. The boomerang hits Jessica.
Jessica is heavily wounded.
You hit Jessica.
Jessica is almost dead.
Jessica hits you with a +0 club. x2
You barely miss Jessica.
Jessica is almost dead.
Jessica hits you with a +0 club.
You barely miss Jessica.
Jessica is almost dead.
You block Jessica's attack. Jessica gestures at you while chanting.
Pain shoots through your body!
You barely miss Jessica.
Jessica is almost dead.
Jessica mumbles some strange words.
Jessica blinks!
You throw a boomerang. The boomerang closely misses Jessica.
You throw a boomerang. The boomerang barely misses Jessica.
Jessica mumbles some strange words.
Jessica blinks!
You throw a boomerang. The boomerang hits Jessica.
Jessica is almost dead.
Jessica gestures at you while chanting. Pain shoots through your body!
* * * LOW HITPOINT WARNING * * *
You are too injured to fight recklessly!
Jessica casts a spell.
Jessica blinks!
Jessica gestures wildly while chanting.
Jessica seems to speed up.
Jessica gestures wildly while chanting.
Jessica blinks!
Jessica hits you with a +0 club!
You die...

#### #######...#
#.........#
#..@@.....#
###.##.........#
....ยง..........+
######.........#
#.........#
#######...# ####


You could see Jessica (fast).

Vanquished Creatures
  A ball python (D:1)
  5 endoplasms (D:1)
  2 goblins (D:1)
  2 quokkas (D:1)
  2 bats (D:1)
  A kobold (D:1)
  A rat (D:1)
14 creatures vanquished.

Notes
Turn   | Place    | Note
-------+----------+-------------------------------------------
     0 | D:1      | Hajna the Hill Orc Fighter began the quest for the Orb.
     0 | D:1      | Reached XP level 1. HP: 19/19 MP: 1/1
   176 | D:1      | Reached XP level 2. HP: 27/27 MP: 2/2
   365 | D:1      | Reached skill level 4 in Fighting
   887 | D:2      | Noticed Jessica
   902 | D:2      | Slain by Jessica

Illustrated notes

Levels and vault maps discovered:
D:1:      dpeg_arrival_rooms_a, layout_basic, dreamdust_princess_corridor
D:2:      layout_basic, minmay_misc_feat_pillars, uniq_jessica, uniq_natasha

Skill      XL: |  1  2 |
---------------+-------+-----
Fighting       | 4 |  4.1
Axes           | |  2.7
Armour         | |  3.5
Shields        | |  3.5

Action                     || total
---------------------------++-------
  Melee: War axe           ||    39
  Throw: Boomerang         ||     6
 Armour: Scale mail        ||    17
  Dodge: Dodged            ||    23
  Block: Buckler           ||    18

Table legend: (Time is in decaauts)
 A = Elapsed time spent in this place.
 B = Non-inter-level travel time spent in this place.
 C = Inter-level travel time spent in this place.
 D = Time resting spent in this place.
 E = Time spent auto-exploring this place.
 F = Levels seen in this place.
 G = Mean time per level.
                   A        B        C        D        E       F      G
               +--------+--------+--------+--------+--------+-----+--------+
         Total |    919 |    859 |     60 |      0 |    738 |   2 |  459.5 |
       Dungeon |    919 |    859 |     60 |      0 |    738 |   2 |  459.5 |
               +--------+--------+--------+--------+--------+-----+--------+

Top non-repeatable levels by time:
     D:1: 901 daAuts
     D:2: 18 daAuts
